 Dungeon Crawl Stone Soup version 0.30-a0-585-g93115170b9 (webtiles) character file.

Game seed: 16619720697509609922

13897 Bnni the Jinx (level 12, -17/91 (92) HPs)
             Began as a Formicid Hexslinger on Jan 2, 2023.
             Was a High Priest of Okawaru.
             Demolished by a two-headed ogre
             ... wielding a +0 giant spiked club
              (23 damage)
             ... on level 11 of the Dungeon.
             The game lasted 00:47:15 (16008 turns).

Bnni the Jinx (Formicid Hexslinger)                Turns: 16008, Time: 00:47:16

HP:   -17/91 (92)   AC:  7    Str: 16    XL:     12   Next: 38%
MP:   5/23          EV: 12    Int: 21    God:    Okawaru [*****.]
Gold: 289           SH:  0    Dex: 16    Spells: 10/26 levels left

rFire   + . .      SeeInvis +    a - +0 arbalest
rCold   + . .      Faith    +    (no shield)
rNeg    . . .      Spirit   .    z - +1 robe {rF+}
rPois   +          Reflect  .    (helmet unavailable)
rElec   .          Harm     .    P - +1 cloak {rPois}
rCorr   .          Rampage  .    h - +1 pair of gloves
Will    +....                    (no boots)
Stlth   +                        t - amulet of faith
HPRegen 0.35/turn                G - ring of protection from cold
MPRegen 0.18/turn                M - +6 ring of intelligence

@: portalling projectiles, lightly drained
A: permanent stasis, dig shafts and tunnels, antennae 3, four strong arms
a: Dig, Shaft Self, Renounce Religion, Heroism, Finesse, Duel


You were on level 11 of the Dungeon.
You worshipped Okawaru.
Okawaru was extremely pleased with you.
You visited 2 branches of the dungeon, and saw 12 of its levels.
You also visited: Sewer.

You collected 625 gold pieces.
You spent 336 gold pieces at shops.

Inventory:

Hand Weapons
 a - a +0 arbalest (weapon)
 d - a +2 dagger of venom
Missiles
 g - 18 poisoned darts
 L - a curare-tipped dart
Armour
 h - a +1 pair of gloves (worn)
 z - a +1 robe of fire resistance (worn)
 P - a +1 cloak of poison resistance (worn)
Jewellery
 t - an amulet of faith (around neck)
 E - a ring of ice
 G - a ring of protection from cold (left hand)
 M - a +6 ring of intelligence (right hand)
Wands
 j - a wand of digging (11)
 x - a wand of paralysis (13)
 I - a wand of flame (9)
 K - a wand of polymorph (9)
 N - a wand of roots (10)
 O - a wand of quicksilver (7)
Scrolls
 b - 6 scrolls of poison
 k - a scroll of enchant weapon {unknown}
 l - 3 scrolls of fog
 m - 4 scrolls of vulnerability {unknown}
 n - a scroll of fear {unknown}
 o - 6 scrolls of magic mapping {unknown}
 p - 3 scrolls of immolation {unknown}
 s - 2 scrolls of butterflies {unknown}
 v - 3 scrolls of torment {unknown}
 w - 4 scrolls of enchant armour {unknown}
 y - 2 scrolls of amnesia {unknown}
 B - a scroll of brand weapon {unknown}
 C - 2 scrolls of noise {unknown}
 H - 2 scrolls of silence {unknown}
Potions
 c - a potion of attraction {unknown}
 e - 4 potions of might
 f - a potion of invisibility
 i - a potion of cancellation
 q - 2 potions of resistance
 u - 2 potions of mutation
 A - a potion of curing
 D - 3 potions of lignification
 J - a potion of brilliance


   Skills:
 + Level 8.1 Fighting
 * Level 10.8 Ranged Weapons
 - Level 1.7 Dodging
 + Level 7.5 Spellcasting
 + Level 11.2 Hexes
 - Level 3.0 Translocations
 + Level 5.9 Transmutations
 - Level 3.0 Fire Magic
 + Level 5.1 Invocations


You had 10 spell levels left.
You knew the following spells:

 Your Spells              Type           Power      Damage    Failure   Level
a - Slow                  Hex            100%       N/A       1%          1
b - Inner Flame           Hex/Fire       37%        N/A       1%          3
c - Portal Projectile     Hex/Tloc       74%        N/A       1%          3
d - Cause Fear            Hex            26%        N/A       1%          4
i - Yara's Violent Unrav  Hex/Tmut       21%        3d10      7%          5

Your spell library contained the following spells:

 Spells                   Type           Power      Damage    Failure   Level
 Ensorcelled Hibernation  Hex/Ice        62%        N/A       1%          2
 Apportation              Tloc           40%        N/A       2%          1
 Passwall                 Tmut/Erth      16%        N/A       3%          2
 Manifold Assault         Tloc           20%        N/A       24%         4
 Alistair's Intoxication  Tmut/Pois      13%        N/A       56%         5
 Enfeeble                 Hex            26%        N/A       56%         7
 Dispersal                Tloc           10%        N/A       98%         6
 Disjunction              Tloc           10%        N/A       100%        8
 Summon Small Mammal      Summ           Unusable   N/A       N/A         1
 Swiftness                Air            Unusable   N/A       N/A         3

Dungeon Overview and Level Annotations

Branches:
Dungeon (11/15)            Temple (1/1) D:7            Lair (0/5) D:10
  Sewer (visited)
    Orc: D:9-12

Altars:
Ashenzari
Cheibriados
Dithmenos
Elyvilon
Fedhas
Gozag
Hepliaklqana
Kikubaaqudgha
Makhleb
Nemelex Xobeh
Okawaru
Qazlal
Ru
Sif Muna
Trog
Uskayaw
Vehumet
Wu Jian
Xom
Yredelemnul
Zin
The Shining One

Shops:
D:2 :


Innate Abilities, Weirdness & Mutations

You cannot be hasted, slowed, berserked, paralysed or teleported.
You can dig through walls and to a lower floor.
You have a pair of large antennae on your head. (SInv)
Your four strong arms can wield two-handed weapons with a shield.


Message History

Aim: a vampire (heavily damaged, inner flame, slightly transparent, slow, 72% to hit)
You magically shoot a bolt.
The bolt hits the vampire but does no damage.
The vampire is heavily damaged.
The two-headed ogre barely misses you.
The two-headed ogre hits you with a +0 giant club!
The troll bites you but does no damage. The troll claws you but does no damage.
The troll barely misses you.
Fire: a) +0 arbalest
Press: ? - help, Shift-Dir - straight line, f/p - vampire
Aim: a vampire (heavily damaged, inner flame, slightly transparent, slow, 72% to hit)
You magically shoot a bolt.
The bolt hits the vampire but does no damage.
The vampire is heavily damaged.
The troll closely misses you. The troll claws you but does no damage.
The troll barely misses you.
The two-headed ogre hits you with a +0 giant spiked club!
The two-headed ogre barely misses you. The troll barely misses you.
The troll claws you but does no damage. The troll claws you.
Fire: a) +0 arbalest
Press: ? - help, Shift-Dir - straight line, f/p - vampire
Aim: a vampire (heavily damaged, inner flame, slightly transparent, slow, 72% to hit)
You magically shoot a bolt.
The bolt hits the vampire but does no damage.
The vampire is heavily damaged.
The two-headed ogre hits you with a +0 giant spiked club!
The two-headed ogre hits you with a +0 giant club!
The troll barely misses you. x2; The troll claws you but does no damage.
Fire: a) +0 arbalest
Press: ? - help, Shift-Dir - straight line, f/p - vampire
Aim: a vampire (heavily damaged, inner flame, slightly transparent, slow, 72% to hit)
You magically shoot a bolt.
The bolt hits the vampire.
Flame seeps out of the vampire.
The vampire is heavily damaged.
The troll bites you but does no damage. The troll claws you!
The troll claws you.
The two-headed ogre hits you with a +0 giant spiked club!!
* * * LOW HITPOINT WARNING * * *
The two-headed ogre hits you with a +0 giant club!!
You die...

######..##'##############
#.......#....#..........#
#.......#....#..........#
#...##..#....#..........#
######..##..##..........#
#...###'##..######.###### .#
#....)......##..##.######..#
#.^..........T.............#
#.....<.....@OV............+
#..###.#######..####.#######.
#..###.###..##+## ##.##......
#.............. #.{.#...... {
#.............. #..O#...... {
#################+###T#....>.
............##+ ..T.........#
.........)..'..


You could see a two-headed ogre, a troll and a vampire (inner flame, invisible,
slow).

Vanquished Creatures
  Josephine (D:10)
  Amaemon (D:8)
  A gargoyle (D:6)
  A kobold demonologist (D:11)
  An orange demon (D:8)
  An unseen horror (D:6)
  2 trolls
  2 shadows
  5 wraiths (D:10)
  A wyvern (D:9)
  26 yaks
  4 steam dragons
  2 vampire mosquitoes (D:10)
  2 wargs (D:10)
  2 acid dragons (D:10)
  5 ice beasts
  4 orc warriors
  3 sky beasts
  2 ogres (D:4)
  2 black bears
  3 centaurs
  3 phantoms
  3 kobold brigands
  A gnoll sergeant (D:10)
  8 bullfrogs
  8 scorpions
  10 wights
  2 howler monkeys
  A jelly (D:5)
  3 hounds
  3 gnoll boudas
  6 orc priests
  9 iguanas
  8 orc wizards
  17 gnolls
  18 adders
  5 river rats (Sewer)
  A shadow imp (D:5)
  2 white imps
  A worm (D:2)
  4 dart slugs
  25 orcs
  8 endoplasms
  4 hobgoblins
  A jackal (D:4)
  12 kobolds
  4 quokkas
  23 ball pythons
  8 bats
  8 frilled lizards
  9 goblins
  31 rats
317 creatures vanquished.

Vanquished Creatures (others)
  19 fungi (D:7)
19 creatures vanquished.

Grand Total: 336 creatures vanquished

Notes
Turn   | Place    | Note
-------+----------+-------------------------------------------
     0 | D:1      | Bnni the Formicid Hexslinger began the quest for the Orb.
     0 | D:1      | Reached XP level 1. HP: 15/15 MP: 2/2
    25 | D:1      | You fall into a shaft and drop 1 floor!
   102 | D:2      | Reached XP level 2. HP: 16/21 MP: 3/3
   223 | D:2      | Reached skill level 1 in Fire Magic
   262 | D:2      | Reached skill level 4 in Hexes
   262 | D:2      | Reached XP level 3. HP: 26/26 MP: 4/4
   266 | D:2      | Learned a level 3 spell: Inner Flame
   460 | D:2      | Found Fothre's Book Boutique.
  1241 | D:3      | Reached XP level 4. HP: 26/32 MP: 6/6
  1288 | D:3      | Found a faded altar of an unknown god.
  1293 | D:3      | Got Plato's Grimoire of Production
  1896 | D:4      | Noticed an ogre
  1907 | D:4      | Killed an ogre
  1908 | D:4      | Reached XP level 5. HP: 38/38 MP: 3/8
  1981 | D:4      | Reached skill level 5 in Hexes
  1981 | D:4      | Reached XP level 6. HP: 45/45 MP: 2/9
  2590 | D:4      | Noticed an ogre
  2606 | D:4      | Killed an ogre
  3076 | D:5      | Entered Level 5 of the Dungeon
  3109 | D:5      | Reached XP level 7. HP: 13/51 MP: 8/10
  3261 | D:5      | Learned a level 4 spell: Cause Fear
  3551 | D:5      | Reached skill level 1 in Translocations
  3670 | D:5      | Reached skill level 6 in Hexes
  3756 | D:5      | Learned a level 3 spell: Portal Projectile
  3833 | D:5      | Reached XP level 8. HP: 58/58 MP: 12/12
  4486 | D:6      | Found a sparkling altar of Nemelex Xobeh.
  4548 | D:6      | Found a glowing golden altar of the Shining One.
  4652 | D:6      | Reached skill level 5 in Ranged Weapons
  4697 | D:6      | Found a bloodstained altar of Trog.
  4789 | D:6      | Found a glowing drain.
  4798 | Sewer    | Entered a sewer
  5313 | Sewer    | Reached skill level 7 in Hexes
  5747 | D:6      | Reached XP level 9. HP: 50/65 MP: 10/14
  6579 | D:6      | Reached skill level 8 in Hexes
  6659 | D:6      | Noticed an unseen horror
  6687 | D:6      | Killed an unseen horror
  6688 | D:6      | Reached skill level 5 in Fighting
  6767 | D:6      | Noticed a gargoyle
  7201 | D:6      | Reached skill level 9 in Hexes
  7245 | D:6      | Reached XP level 10. HP: 45/74 MP: 17/17
  7430 | D:6      | You fall into a shaft and drop 2 floors!
  7507 | D:8      | Reached skill level 5 in Spellcasting
  7651 | D:8      | Reached skill level 1 in Transmutations
  7749 | D:8      | Noticed Amaemon
  7799 | D:8      | Noticed an orange demon
  7830 | D:8      | HP: 3/66 [constriction (4)]
  7832 | D:8      | Killed Amaemon
  7949 | D:7      | HP: 2/76 [gnoll bouda/+0 club (5)]
  8536 | D:7      | Found a staircase to the Ecumenical Temple.
  8549 | Temple   | Entered the Ecumenical Temple
  8554 | Temple   | Became a worshipper of Warmaster Okawaru
  8795 | D:7      | Reached skill level 1 in Invocations
  8805 | D:7      | Reached skill level 10 in Hexes
  8805 | D:7      | Reached XP level 11. HP: 40/83 MP: 10/20
  9351 | D:7      | Reached * piety under Okawaru
 10323 | D:2      | Bought a book of Misfortune for 336 gold pieces
 10329 | D:2      | Learned a level 5 spell: Yara's Violent Unravelling
 12079 | D:8      | Reached ** piety under Okawaru
 12475 | D:9      | Identified the +1 ring mail of the Fresh God {Fly Regen+
                  | Str+3 Int-2 Dex+3}
 13039 | D:9      | Reached *** piety under Okawaru
 13052 | D:9      | Reached skill level 10 in Ranged Weapons
 13059 | D:9      | Reached skill level 5 in Transmutations
 13090 | D:9      | Received a gift from Okawaru
 13767 | D:9      | Reached **** piety under Okawaru
 13916 | D:10     | Entered Level 10 of the Dungeon
 13927 | D:10     | Reached XP level 12. HP: 50/92 MP: 19/22
 14110 | D:10     | Found a staircase to the Lair.
 14616 | D:10     | Found a basalt altar of Yredelemnul.
 14801 | D:10     | Found a radiant altar of Vehumet.
 14827 | D:10     | Reached skill level 11 in Hexes
 15198 | D:10     | Noticed Josephine
 15217 | D:10     | Killed Josephine
 15217 | D:10     | Reached ***** piety under Okawaru
 15329 | D:10     | Reached skill level 5 in Invocations
 15981 | D:11     | Noticed a two-headed ogre
 15982 | D:11     | Noticed a sun demon
 16008 | D:11     | Demolished by a two-headed ogre

Illustrated notes

Levels and vault maps discovered:
D:1:      lemuel_arrival_behind_the_door_small, layout_rooms,
          serial_bayou_pond_c
D:2:      layout_basic, serial_shops, nicolae_lakefront_shop, minmay_lizard_pond
D:3:      layout_basic, shapermc_ecumenical_altar_rom_forum
D:4:      kennysheep_six_static_rooms, layout_basic, serial_rivers,
          chequers_serial_rivers_room_b, chequers_serial_rivers_micro_b,
          chequers_serial_rivers_micro_e, chequers_serial_rivers_small_b,
          chequers_serial_rivers_micro_e, minmay_joined_circles
D:5:      layout_gridville
D:6:      kennysheep_windowed_halls, layout_loops_ring, tso_oasis_becter,
          grunt_temple_overflow_open, portal_sewer_entry_b
D:7:      old_forge, layout_basic, minmay_temple_entry_statues_fountains,
          enter_bailey_5
D:8:      layout_loops_cross, uniq_amaemon
D:9:      layout_basic
D:10:     layout_long_grid, kennysheep_little_box,
          nicolae_overflow_crystal_walls, erik_lair_orcish_takeover,
          uniq_josephine
D:11:     layout_gridville, kennysheep_decorative_pillar
Temple:   sentei_temple_godly_chess

Skill      XL: |  1  2  3  4  5  6  7  8  9 10 11 12 |
---------------+-------------------------------------+-----
Fire Magic     | 1 2 3 |  3.0
Hexes          | 4 5 6 7 9 10 11 | 11.2
Fighting       | 2 3 4 5 6 7 8 |  8.1
Ranged Weapons | 3 4 5 7 8 10 | 10.8
Spellcasting   | 2 3 4 6 7 |  7.5
Translocations | 1 3 |  3.0
Transmutations | 3 5 |  5.9
Invocations    | 1 4 5 |  5.1
Dodging        | |  1.7

Action                   |  1- 3 |  4- 6 |  7- 9 | 10-12 || total
-------------------------+-------+-------+-------+-------++-------
Melee: Dagger            |       |       |    37 |     5 ||    42
       Punch             |       |       |     2 |       ||     2
 Fire: Sling             |    97 |    96 |   440 |   106 ||   739
       Shortbow          |       |       |       |   413 ||   413
       Arbalest          |       |       |       |   113 ||   113
Throw: Dart              |       |     3 |    11 |       ||    14
 Cast: Slow              |     6 |     6 |    25 |    35 ||    72
       Inner Flame       |       |     6 |    23 |    50 ||    79
       Cause Fear        |       |       |     9 |    14 ||    23
       Portal Projectile |       |       |       |    16 ||    16
 Abil: Dig               |       |       |     1 |     6 ||     7
       Shaft Self        |       |       |       |     1 ||     1
Evoke: Wand              |       |       |     6 |     1 ||     7
  Use: Scroll            |     1 |     3 |     2 |     6 ||    12
       Potion            |       |       |     2 |     2 ||     4
Armor: Robe              |    15 |    19 |   125 |    83 ||   242
Dodge: Dodged            |    34 |    39 |   234 |   207 ||   514

Table legend: (Time is in decaauts)
 A = Elapsed time spent in this place.
 B = Non-inter-level travel time spent in this place.
 C = Inter-level travel time spent in this place.
 D = Time resting spent in this place.
 E = Time spent auto-exploring this place.
 F = Levels seen in this place.
 G = Mean time per level.
                   A        B        C        D        E       F      G
               +--------+--------+--------+--------+--------+-----+--------+
         Total |  16215 |  15511 |    704 |   4298 |   8160 |  13 | 1247.3 |
       Dungeon |  15447 |  14747 |    700 |   4073 |   7875 |  11 | 1404.3 |
        Temple |     10 |      6 |      4 |      0 |      0 |   1 |   10.0 |
         Sewer |    756 |    756 |      0 |    225 |    284 |   1 |  756.0 |
               +--------+--------+--------+--------+--------+-----+--------+

Top non-repeatable levels by time:
     D:6: 3046 daAuts
     D:7: 2471 daAuts
    D:10: 2004 daAuts
     D:8: 1594 daAuts
     D:5: 1483 daAuts
     D:4: 1453 daAuts
     D:9: 1448 daAuts
     D:2: 1047 daAuts
   Sewer: 756 daAuts
     D:3: 742 daAuts
    D:11: 129 daAuts
     D:1: 25 daAuts
  Temple: 10 daAuts
